 Dungeon Crawl Stone Soup version 0.21.1-1-g345015f (webtiles) character file.

219 aMcNicky the Skirmisher (level 5, -2/59 HPs)
             Began as an Ogre Berserker on Mar 12, 2018.
             Was a Believer of Trog.
             Killed by divine providence
             ... invoked by an orc priest
              (13 damage)
             ... on level 4 of the Dungeon.
             The game lasted 00:03:35 (2645 turns).

aMcNicky the Skirmisher (Ogre Berserker)            Turns: 2645, Time: 00:03:36

Health: -2/59      AC:  3    Str: 22    XL:     5   Next: 96%
Magic:  5/5        EV: 10    Int:  8    God:    Trog [**....]
Gold:   55         SH:  0    Dex:  8    Spells: 4/4 levels left

rFire    . . .     SeeInvis .   a - +0 mace
rCold    . . .     Gourm    .   (no shield)
rNeg     . . .     Faith    .   b - +0 animal skin
rPois    .         Spirit   .   (helmet restricted)
rElec    .         Reflect  .   (no cloak)
rCorr    .         Harm     .   (gloves unavailable)
MR       .....                  (boots unavailable)
Stlth    +.........             (no amulet)
HPRegen  0.19/turn              (no ring)
MPRegen  0.09/turn              (no ring)

@: no status effects
A: large, unfitting armour, tough skin 1
a: Berserk, Trog's Hand, Burn Spellbooks, Renounce Religion


You were on level 4 of the Dungeon.
You worshipped Trog.
Trog was pleased with you.
You were hungry.

You visited 1 branch of the dungeon, and saw 5 of its levels.

You collected 55 gold pieces.

Inventory:

Hand Weapons
 a - a +0 mace (weapon)
Armour
 b - a +0 animal skin (worn)
 n - a +0 buckler
Scrolls
 f - 3 scrolls of teleportation {unknown}
 h - 2 scrolls of identify {@r1}
 j - a scroll of remove curse {unknown}
 k - a scroll of enchant weapon {unknown}
 l - 2 scrolls of enchant armour {unknown}
 m - a scroll of amnesia {unknown}
Potions
 d - 2 potions of curing {unknown}
 e - a potion of mutation {unknown}
 g - a potion of cancellation {unknown}
 i - 2 potions of might {unknown}
Comestibles
 c - 4 rations


   Skills:
 + Level 5.8 Fighting
 * Level 5.0 Maces & Flails
 - Level 2.6 Dodging


You had 4 spell levels left.
You didn't know any spells.

Dungeon Overview and Level Annotations

Branches:
Dungeon (5/15)
 Temple: D:4-7

Altars:
Cheibriados
Elyvilon
Kikubaaqudgha
Okawaru
Ru
Uskayaw
The Shining One


Innate Abilities, Weirdness & Mutations

You are too large for most types of armour.
You have tough skin. (AC +1)


Message History

The magic dart hits you!
* * * LOW HITPOINT WARNING * * *
The orc priest invokes the aid of Beogh against you.
You struggle to resist.
You hear an angry hiss.
You closely miss the orc priest.
The orc priest is heavily wounded.
The orc wizard misses you.
The orc priest hits you but does no damage.
A frilled lizard comes into view.
You closely miss the orc priest.
The orc priest is heavily wounded.
The orc wizard hits you with a dagger.
* * * LOW HITPOINT WARNING * * *
The orc priest closely misses you.
You hit the orc priest.
The orc priest is severely wounded.
The orc priest calls down the wrath of Beogh upon you.
Beogh smites you!
You die...

...#...###....#
###########'#####
## #.........+ .#
#.........# ..#
####.##..## ..#
####.##..####..#
#...........l..#
#........oo....#
#.......o.@....+
###..##..#######
### #)##
#.......o..o.
+............
#.......o.$..
#####.###..## #+#
..# ...


You could see an orc priest, an orc wizard, an orc and a frilled lizard.

Vanquished Creatures
  A howler monkey (D:5)
  2 orc wizards (D:4)
  2 orc priests (D:4)
  A hound skeleton (D:4)
  A gnoll (D:2)
  An ooze (D:4)
  A worm (D:4)
  A leopard gecko (D:1)
  2 orcs
  2 ball pythons
  4 hobgoblins
  7 jackals (D:1)
  6 bats
  A frilled lizard (D:2)
  2 goblins (D:2)
  6 kobolds
  A leopard gecko skeleton (D:4)
  2 rats
43 creatures vanquished.

Notes
Turn   | Place    | Note
-------+----------+-------------------------------------------
     0 | D:1      | aMcNicky the Ogre Berserker began the quest for the Orb.
     0 | D:1      | Reached XP level 1. HP: 24/24 MP: 1/1
   220 | D:1      | Reached XP level 2. HP: 32/32 MP: 2/2
  1151 | D:2      | Reached XP level 3. HP: 38/40 MP: 3/3
  1291 | D:2      | Found a faded altar of an unknown god.
  1339 | D:2      | Reached ** piety under Trog
  1367 | D:2      | Found an iron altar of Okawaru.
  1789 | D:2      | Found a white marble altar of Elyvilon.
  1789 | D:2      | Found a glowing golden altar of the Shining One.
  1794 | D:2      | Found an ancient bone altar of Kikubaaqudgha.
  1796 | D:2      | Found a snail-covered altar of Cheibriados.
  1797 | D:2      | Found a sacrificial altar of Ru.
  1960 | D:3      | You fall through a shaft for 2 floors!
  1960 | D:5      | Entered Level 5 of the Dungeon
  1960 | D:5      | Found a hide-covered altar of Uskayaw.
  1964 | D:5      | Reached skill level 5 in Fighting
  1964 | D:5      | Reached XP level 4. HP: 50/50 MP: 4/4
  2138 | D:4      | Reached XP level 5. HP: 16/57 MP: 5/5
  2626 | D:4      | Reached skill level 5 in Maces & Flails
  2645 | D:4      | Killed from afar by an orc priest

Skill      XL: |  1  2  3  4  5 |
---------------+----------------+-----
Maces & Flails | 3 4 5 |  5.0
Fighting       | 5 |  5.8
Dodging        | |  2.6

Action                   |  1- 3 |  4- 6 || total
-------------------------+-------+-------++-------
Melee: Mace              |   104 |    56 ||   160
Invok: Berserk           |     1 |     1 ||     2
  Use: Scroll            |       |     1 ||     1
  Eat: Chunk             |     3 |       ||     3
       Ration            |       |     1 ||     1
Armor: Animal skin       |    37 |     8 ||    45
Dodge: Dodged            |    85 |    11 ||    96
